 Dungeon Crawl Stone Soup version 0.30-a0-457-g4b7bca3bfa (webtiles) character file.

Game seed: 10537281178364197738

1483 ytrimaz the Fighter (level 8, -6/112 HPs)
             Began as a Purple Draconian Berserker on Dec 13, 2022.
             Was a Believer of Trog.
             Mangled by a steam dragon (9 damage)
             ... on level 6 of the Dungeon.
             The game lasted 00:06:34 (6112 turns).

ytrimaz the Fighter (Purple Draconian Berserker)    Turns: 6112, Time: 00:06:35

Health: -6/112     AC:  8    Str: 23    XL:     8   Next: 50%
Magic:  8/8        EV: 12    Int:  7    God:    Trog [**....]
Gold:   321        SH:  0    Dex: 10    Spells: 7/7 levels left

rFire   . . .      SeeInvis .      - Unarmed
rCold   . . .      Faith    .    (no shield)
rNeg    + . .      Spirit   .    (body armour unavailable)
rPois   .          Reflect  .    (helmet restricted)
rElec   .          Harm     .    e - +1 cloak
rCorr   .          Rampage  .    (no gloves)
Will    +++..                    (no boots)
Stlth   ..........               (no amulet)
HPRegen 1.38/turn                n - ring of positive energy
MPRegen 0.11/turn                (no ring)

@: berserking, strong-willed, regenerating, very quick
A: breathe power, AC +6, unfitting armour, cold-blooded
a: Breathe Dispelling Energy, Renounce Religion, Berserk, Trog's Hand


You were on level 6 of the Dungeon.
You worshipped Trog.
Trog was pleased with you.
You visited 1 branch of the dungeon, and saw 6 of its levels.

You collected 321 gold pieces.


Innate Abilities, Weirdness & Mutations

You can breathe bolts of dispelling energy.
Your rich purple scales are hard. (AC +6)
You cannot fit into any form of body armour.
You are cold-blooded and may be slowed by cold attacks.


   Skills:
 + Level 8.5 Fighting
 - Level 4.0 Dodging
 + Level 7.8 Unarmed Combat


You had 7 spell levels left.
You didn't know any spells.
Your spell library was empty.

Inventory:

Armour
 e - a +1 cloak (worn)
   (You found it on level 2 of the Dungeon)
Jewellery
 j - a ring of magical power
   (You found it on level 4 of the Dungeon)
 n - a ring of positive energy (left hand)
   (You found it on level 3 of the Dungeon)
Wands
 f - a wand of mindburst (14)
   (You found it on level 2 of the Dungeon)
 i - a wand of roots (2)
   (You took it off Ijyb on level 4 of the Dungeon)
 l - a wand of digging (4)
   (You took it off Terence on level 3 of the Dungeon)
 o - a wand of flame (21)
   (You found it on level 4 of the Dungeon)
 s - a wand of light (6)
   (You took it off Blork the orc on level 5 of the Dungeon)
 t - a wand of polymorph (9)
   (You found it on level 6 of the Dungeon)
Scrolls
 a - 5 scrolls of teleportation
 h - 4 scrolls of vulnerability
 p - 3 scrolls of poison
Potions
 b - a potion of resistance
 c - 5 potions of curing
 d - 3 potions of brilliance
 g - a potion of might
 k - a potion of haste {unknown}
 m - a potion of heal wounds {unknown}
 q - 2 potions of mutation {unknown}
 r - a potion of ambrosia {unknown}

Dungeon Overview and Level Annotations

Branches:
Dungeon (6/15) Zot: 26061
 Temple: D:4-7

Altars:
Elyvilon
Makhleb
Wu Jian
The Shining One

Shops:
D:5 ?

Annotations:
D:3 2 transporters, 1 runed translucent door, Crazy Yiuf
D:5 2 transporters, ryw's ghost, novice OpTm

##.#.#####
#...≈...≈..... ##.#.#
#.........#.#. ##.#.#
#....#.#....^. ##.#.#
.....≈...≈ ##.#.#
###########.≈....#..
...#.#
#..†......#....≈...≈
####.###.####.#.....#
#.#........#.D##......D.
#.#.#.####.#.@#....#.##.
#.#.#....#.#..#.#..#
#.#.#.##.#.#.§#. ..#
#(#.####.#.#.§## #.#
#.#......#.#... .#
#.#.######.#§### ##
#.### #.#.#
#.########.#.#
#..........#


You could see a steam dragon.


Message History

You hear a shout! 😕 HP[-13]
You take 13 damage, and now have 62/75 hp.
Unknown command. 😕 HP[+1] 😕 HP[+1]
You start resting.
An orc is nearby! 😕 HP[+1]
You hit the orc but do no damage. You punch the orc. The orc misses you.
You punch the orc!
You kill the orc!
Trog accepts your kill.
An orc wizard comes into view.
It is wielding a +1 dagger of protection.
The orc wizard shouts!
You see here a +0 dagger. 😕 HP[+1]
The orc wizard points at you and mumbles some strange words.
The magic dart hits you! 😕 HP[-8]
You take 8 damage, and now have 58/75 hp.
The orc wizard attacks as you move away!
The orc wizard closely misses you.
You hit the orc wizard.
You punch the orc wizard, but do no damage.
The orc wizard hits you but does no damage. 😕 HP[+1]
You punch the orc wizard!
You tail-slap the orc wizard, but do no damage.
The orc wizard hits you with a +1 dagger of protection. 😮 HP[-3]
You take 3 damage, and now have 56/75 hp.
You miss the orc wizard. The orc wizard barely misses you.
You hit the orc wizard but do no damage.
You punch the orc wizard.
The orc wizard gestures at you while chanting.
You are confused. 😕 HP[+1]
You hit the orc wizard but do no damage.
Your tail-slap misses the orc wizard.
The orc wizard points at you and mumbles some strange words.
The puff of flame misses you.
You are too confused!
You're too confused to move!
The orc wizard hits you but does no damage.
The orc wizard attacks as you move away!
The orc wizard hits you with a +1 dagger of protection. 😮 HP[-3]
You take 3 damage, and now have 54/75 hp.
You hit the orc wizard.
You kill the orc wizard!
Trog accepts your kill.
Trog appreciates your killing of a magic user. 😮 HP[+1] Unknown command.
Unknown command.
The steam dragon breathes steam at you. The ball of steam hits you! 😮 HP[-13]
You take 13 damage, and now have 42/75 hp.
You're too confused to move!
You are engulfed in a cloud of scalding steam.
The steam dragon breathes steam at you. The ball of steam hits you!!
* * * LOW HITPOINT WARNING * * *
😱 HP[-24]
You take 24 damage, and now have 18/75 hp.
MASSIVE DAMAGE!! (PAUSE)
You punch the steam dragon!
You are engulfed in a cloud of scalding steam.
* * * LOW HITPOINT WARNING * * *
You feel less confused. 😱 HP[-4]
You take 4 damage, and now have 14/75 hp.
Unknown command.
Your skin crawls.
You feel strong-willed.
You are engulfed in a cloud of scalding steam.
* * * LOW HITPOINT WARNING * * *
The steam dragon bites you but does no damage.
The steam dragon claws you.
* * * LOW HITPOINT WARNING * * *
😱 HP[-6]
You take 6 damage, and now have 8/75 hp.
Unknown command.
A red film seems to cover your vision as you go berserk!
You feel yourself moving faster!
You feel mighty!
You are engulfed in a cloud of scalding steam.
* * * LOW HITPOINT WARNING * * *
The steam dragon bites you.
* * * LOW HITPOINT WARNING * * *
The steam dragon closely misses you. 😱 HP[-1]
You now have 112 max hp (+37).
Unknown command.
You closely miss the steam dragon.
You are engulfed in a cloud of scalding steam.
* * * LOW HITPOINT WARNING * * *
The steam dragon bites you!
You die...

Skill      XL: |  1  2  3  4  5  6  7  8 |
---------------+-------------------------+-----
Dodging        | 3 4 |  4.0
Fighting       | 4 5 6 7 8 |  8.5
Unarmed Combat | 4 5 6 7 |  7.8

Action                   |  1- 3 |  4- 6 |  7- 9 || total
-------------------------+-------+-------+-------++-------
Melee: Unarmed           |   107 |   156 |   198 ||   461
       Tailslap          |    12 |    16 |    39 ||    67
       Punch             |     3 |     5 |    10 ||    18
Invok: Berserk           |     1 |     2 |     2 ||     5
       Trog's Hand       |       |     2 |     2 ||     4
 Abil: Breathe Dispellin |       |       |     4 ||     4
Evoke: Wand              |       |     3 |       ||     3
  Use: Scroll            |     3 |     5 |     2 ||    10
 Stab: Sleeping          |       |     1 |       ||     1
Armor: Skin              |    20 |    38 |    71 ||   129
Dodge: Dodged            |    57 |   117 |   117 ||   291

Levels and vault maps discovered:
D:1:      ldierk_water_garden, layout_loops_cross
D:2:      layout_loops_ring, basic_altar, minmay_split_cup_small
D:3:      gammafunk_wand_slinger, layout_basic, uniq_jessica,
          uniq_crazy_yiuf_cottage, uniq_terence, uniq_pargi
D:4:      layout_basic, demons_altar, kennysheep_generic_room_11, uniq_ijyb,
          uniq_menkaure, uniq_duvessa
D:5:      layout_basic, nicolae_tso_carved_into_rock, serial_shops,
          nicolae_stop_n_shop_1, gammafunk_ghost_smash, uniq_blork_the_orc
D:6:      layout_basic, grunt_gozag_statues, mainiacjoe_overflow_24_doors,
          nzn_wu_jian_council_hall, nicolae_kite_square_tiling_tiny,
          nicolae_lava_and_water, uniq_eustachio

Notes
Turn   | Place    | Note
-------+----------+-------------------------------------------
     0 | D:1      | ytrimaz the Draconian Berserker began the quest for the
                  | Orb.
     0 | D:1      | Reached XP level 1. HP: 19/19 MP: 1/1
     0 | D:1      | magus.rc [v1.9.6]
   178 | D:1      | Reached XP level 2. HP: 25/26 MP: 2/2
   573 | D:2      | Reached skill level 3 in Dodging
   603 | D:2      | Found an ornate altar of the Wu Jian Council.
  1095 | D:2      | HP: 4/27 [adder (3)]
  1102 | D:2      | Reached XP level 3. HP: 6/33 MP: 3/3
  1151 | D:2      | HP: 8/33 [kobold/+0 short sword (5)]
  1430 | D:3      | Noticed Jessica
  1436 | D:3      | Killed Jessica
  1437 | D:3      | Reached skill level 4 in Fighting
  1595 | D:3      | Reached XP level 4. HP: 40/40 MP: 4/4
  1782 | D:3      | Found a transporter.
  1926 | D:3      | Reached ** piety under Trog
  1951 | D:3      | Found a transporter.
  1957 | D:3      | Noticed Pargi
  1958 | D:3      | Noticed Terence
  1971 | D:3      | Killed Terence
  1978 | D:3      | Killed Pargi
  1979 | D:3      | Reached skill level 4 in Dodging
  1979 | D:3      | Reached skill level 4 in Unarmed Combat
  1979 | D:3      | Reached XP level 5. HP: 30/47 MP: 5/5
  2464 | D:3      | Found a runed translucent door.
  2465 | D:3      | Noticed Crazy Yiuf
  2500 | D:4      | Noticed Ijyb
  2515 | D:4      | Killed Ijyb
  2516 | D:4      | Reached skill level 5 in Fighting
  2555 | D:4      | HP: 10/48 [orc/+1 flail of holy wrath (8)]
  2557 | D:4      | Reached XP level 6. HP: 14/56 MP: 6/6
  3361 | D:4      | Noticed Menkaure
  3362 | D:4      | Found a burning altar of Makhleb.
  3363 | D:4      | Noticed Duvessa
  3363 | D:4      | Noticed Dowan
  3498 | D:4      | Killed Dowan
  3499 | D:4      | Reached skill level 5 in Unarmed Combat
  3533 | D:4      | HP: 12/56 [??? (8)]
  3538 | D:4      | Killed Menkaure
  3539 | D:4      | Reached skill level 6 in Fighting
  3663 | D:4      | Killed Duvessa
  3664 | D:4      | Your scales start taking on a rich purple colour.
  3664 | D:4      | Reached XP level 7. HP: 33/63 MP: 7/7
  3911 | D:4      | Reached skill level 6 in Unarmed Combat
  4136 | D:5      | Entered Level 5 of the Dungeon
  4136 | D:5      | Found Hogein's Magic Scroll Shop.
  4279 | D:5      | Found a glowing golden altar of the Shining One.
  4289 | D:5      | Noticed Blork the orc
  4305 | D:5      | Killed Blork the orc
  4306 | D:5      | Reached skill level 7 in Fighting
  4442 | D:5      | Found a transporter.
  4445 | D:5      | Noticed ryw's ghost (novice OpTm)
  4446 | D:5      | Identified the +7 great mace of Defiance {pain, Will- rCorr
                  | Dex+2}
  4450 | D:5      | Found a transporter.
  5222 | D:6      | Found a white marble altar of Elyvilon.
  5528 | D:6      | Reached XP level 8. HP: 73/73 MP: 8/8
  5539 | D:6      | Reached skill level 7 in Unarmed Combat
  5606 | D:6      | Reached skill level 8 in Fighting
  5723 | D:6      | Noticed Eustachio
  5790 | D:6      | Killed Eustachio
  6108 | D:6      | HP: 18/75 [steam dragon/ball of steam (25)]
  6110 | D:6      | HP: 8/75 [steam dragon (4)]
  6112 | D:6      | HP: 2/112 [steam dragon] (5)]
  6112 | D:6      | Mangled by a steam dragon

Vanquished Creatures
  Eustachio (D:6)
  Menkaure (D:4)
  Duvessa (D:4)
  Pargi (D:3)
  An ice beast (D:6)
  A phantom (D:4)
  Blork the orc (D:5)
  A necrophage (D:6)
  Dowan (D:4)
  A jelly (D:5)
  4 hounds
  A gnoll bouda (D:6)
  3 iron imps (D:4)
  Jessica (D:3)
  Ijyb (D:4)
  Terence (D:3)
  5 iguanas
  2 orc wizards (D:6)
  7 gnolls
  4 adders
  A white imp (D:5)
  An ufetubus (D:6)
  2 worms
  5 dart slugs
  11 orcs
  3 bats
  7 endoplasms
  4 giant cockroaches
  A goblin (D:1)
  9 hobgoblins
  4 jackals (D:5)
  8 kobolds
  A quokka (D:5)
  5 ball pythons
  2 frilled lizards
  6 rats
109 creatures vanquished.

Vanquished Creatures (others)
  An orc (D:6)
  4 toadstools (D:1)
5 creatures vanquished.

Grand Total: 114 creatures vanquished

Table legend:
 A = Non-vault XP
 B = Vault XP
 C = Vault XP percentage of total XP
 D = Non-vault monster count
 E = Vault monster count
 F = Vault count percentage of total count
                 A         B        C        D         E       F
            +---------+---------+-------+---------+---------+-------
      Total |    1139 |     980 |  46.2 |      94 |      15 |  13.8
            +---------+---------+-------+---------+---------+-------
        D:1 |      20 |       0 |   0.0 |      10 |       0 |   0.0
        D:2 |      26 |       8 |  23.5 |      10 |       3 |  23.1
        D:3 |      37 |     209 |  85.0 |      18 |       3 |  14.3
        D:4 |     245 |     467 |  65.6 |      23 |       7 |  23.3
        D:5 |     156 |      94 |  37.6 |      11 |       1 |   8.3
        D:6 |     655 |     202 |  23.6 |      22 |       1 |   4.3
            +---------+---------+-------+---------+---------+-------

Illustrated notes

Table legend:
 A = Kills in this place as a percentage of kills in entire the game.
 B = Kills by you in this place as a percentage of kills by you in the entire game.
 C = Kills by friends in this place as a percentage of kills by friends in the entire game.
 D = Other kills in this place as a percentage of other kills in the entire game.
 E = Experience gained in this place as a percentage of experience gained in the entire game.
 F = Experience gained in this place divided by the number of levels of this place that you have seen.
                   A       B       C       D       E      F
               +-------+-------+-------+-------+-------+----------------------
         Total | 100.0 | 100.0 |   N/A |   N/A | 100.0 | 353.2
       Dungeon | 100.0 | 100.0 |   N/A |   N/A | 100.0 | 353.2
               +-------+-------+-------+-------+-------+----------------------

Table legend: (Time is in decaauts)
 A = Elapsed time spent in this place.
 B = Non-inter-level travel time spent in this place.
 C = Inter-level travel time spent in this place.
 D = Time resting spent in this place.
 E = Time spent auto-exploring this place.
 F = Levels seen in this place.
 G = Mean time per level.
                   A        B        C        D        E       F      G
               +--------+--------+--------+--------+--------+-----+--------+
         Total |   6107 |   5992 |    115 |    372 |   4614 |   6 | 1017.8 |
       Dungeon |   6107 |   5992 |    115 |    372 |   4614 |   6 | 1017.8 |
               +--------+--------+--------+--------+--------+-----+--------+

Top non-repeatable levels by time:
     D:4: 1632 daAuts
     D:3: 1070 daAuts
     D:5: 1030 daAuts
     D:6: 937 daAuts
     D:2: 867 daAuts
     D:1: 569 daAuts
